 Dungeon Crawl Stone Soup version 0.22-a0-351-g29664b4 (webtiles) character file.

26 4thArraOfDagon the Firebug (level 3, -8/31 HPs)
             Began as an Octopode Fire Elementalist on Apr 13, 2018.
             Mangled by Crazy Yiuf
             ... wielding a +2 quarterstaff of chaos
              (9 damage)
             ... on level 2 of the Dungeon.
             The game lasted 00:02:33 (632 turns).

4thArraOfDagon the Firebug (OpFE)                    Turns: 632, Time: 00:02:34

Health: -8/31      AC:  1    Str: 12    XL:     3   Next: 8%
Magic:  6/6        EV: 13    Int: 18    God:
Gold:   28         SH:  0    Dex: 12    Spells: 2/6 levels left

rFire    . . .     SeeInvis .   (no weapon)
rCold    . . .     Gourm    .   (no shield)
rNeg     . . .     Faith    .   (helmet restricted)
rPois    .         Spirit   .   (no amulet)
rElec    .         Reflect  .   (no ring)
rCorr    .         Harm     .   (no ring)
MR       .....                  (no ring)
Stlth    ..........             (no ring)
HPRegen  0.10/turn              (no ring)
MPRegen  0.10/turn              (no ring)
                                (no ring)
                                (no ring)

@: berserking, very quick
A: almost no armour, stealthy swim, amphibious, 8 rings, constrict 8, camouflage
1, gelatinous body 1
a: no special abilities


You were on level 2 of the Dungeon.
You were not hungry.

You visited 1 branch of the dungeon, and saw 2 of its levels.

You collected 28 gold pieces.

Inventory:

Scrolls
 a - a scroll of enchant armour {unknown}
Potions
 c - a potion of resistance {unknown}
 d - a potion of invisibility {unknown}
 e - 2 potions of heal wounds
Comestibles
 b - 2 rations


   Skills:
 - Level 2.0 Dodging
 - Level 2.6 Stealth
 + Level 2.2 Spellcasting
 * Level 1.9 Conjurations
 * Level 3.5 Fire Magic


You had 2 spell levels left.
You knew the following spells:

 Your Spells              Type           Power        Failure   Level  Hunger
a - Flame Tongue          Conj/Fire      ##...        6%          1    #......
b - Conjure Flame         Conj/Fire      ##......     17%         3    ###....


Dungeon Overview and Level Annotations

Branches:
Dungeon (2/15)

Altars:

Annotations:
D:2 Crazy Yiuf


Innate Abilities, Weirdness & Mutations

You cannot wear most types of armour.
You are very stealthy in the water. (Stealth+)
You are amphibious.
You can wear up to eight rings at the same time.
You can use your tentacles to constrict eight enemies at once.
Your skin changes colour to match your surroundings (Stealth+).
Your rubbery body absorbs attacks. (AC +1, EV +1)


Message History

Crazy Yiuf sings, "Trees, trees, trees, circus!"
Crazy Yiuf screams, "Hack!"
You see here 18 arrows.
Crazy Yiuf waves his quarterstaff at you.
Crazy Yiuf laughs, "Mountain high ladder!"
You see here a quokka skeleton.
Crazy Yiuf says, "Sif Muna alas cower!"
You see here 18 arrows.
Crazy Yiuf says, "Crazy?
Crazy!?
PORCUPINE!"
You see here a quokka skeleton.
Crazy Yiuf yells, "Prologue green tortoise!"
Crazy Yiuf hits you with a quarterstaff of chaos!
* * * LOW HITPOINT WARNING * * *
A red film seems to cover your vision as you go berserk!
You feel yourself moving faster!
You feel mighty!
Unknown command.
You feel a strong urge to attack something.
Crazy Yiuf cries, "Powder!
Ice sizzlefizz ena."
Crazy Yiuf hits you with a quarterstaff of chaos!
You die...

####.#.# #.# #.# #.#.#######.##
#.# #............# #.#
##...#######..###########.#
###....# #....รท......##.#####
....#..# #.#########.##.....#
###...########.## #(........ #
##......[....g########..####)##
# #.#########..@.........# #.#
# #.# #.######.##### #.# # #.#
#.# #.# #.# # #.# #(# #.# #.# #
#.# #.# #.# #.# ####.# #.#
##.## #.#
.....#########.#####...# #.#
###..................#.# #.#
##...........#####...## #.#


You could see Crazy Yiuf.

Vanquished Creatures
  3 bats
  3 goblins
  A hobgoblin (D:2)
  8 jackals (D:2)
  A quokka (D:2)
  A ball python (D:2)
  6 rats
23 creatures vanquished.

Notes
Turn   | Place    | Note
-------+----------+-------------------------------------------
     0 | D:1      | 4thArraOfDagon the Octopode Fire Elementalist began the quest for the Orb.
     0 | D:1      | Reached XP level 1. HP: 11/11 MP: 3/3
    53 | D:1      | Reached XP level 2. HP: 14/17 MP: 1/5
   240 | D:2      | Reached XP level 3. HP: 10/21 MP: 4/6
   247 | D:2      | Learned a level 3 spell: Conjure Flame
   279 | D:2      | Found a runed door.
   286 | D:2      | Noticed Crazy Yiuf
   630 | D:2      | HP: 1/21 [Crazy Yiuf/quarterstaff of chaos (8)]
   632 | D:2      | Mangled by Crazy Yiuf

Vault maps used:
D:1:      lemuel_arrival_broad_hall
D:2:      small_statue_intersection, chequers_big_river,
          uniq_crazy_yiuf_cottage, uniq_sigmund

Action                   || total
-------------------------++-------
Melee: Unarmed           ||    52
       Constrict         ||    15
       Tentacles         ||     6
 Cast: Flame Tongue      ||    20
  Use: Potion            ||     1
Armor: Skin              ||     9
Dodge: Dodged            ||    46

Table legend:
 A = Spawn XP
 B = Non-spawn XP
 C = Spawn XP percentage of total XP
 D = Spawn monster count
 E = Non-spawn monster count
 F = Spawn count percentage of total count
 G = Total turns spent on level
                    A         B        C        D         E        F      G
               +---------+---------+-------+---------+---------+-------+---------
         Total |       0 |      38 |   0.0 |       0 |      23 |   0.0 |   632
               +---------+---------+-------+---------+---------+-------+---------
           D:1 |       0 |      10 |   0.0 |       0 |       7 |   0.0 |    74
           D:2 |       0 |      28 |   0.0 |       0 |      16 |   0.0 |   558
               +---------+---------+-------+---------+---------+-------+---------
